| TOP OF THE 1ST |
|
Minnesota Twins batting - Pitching for Houston Astros : RHP Moises Hernandez Jr.
|
|
Pitching: RHP Moises Hernandez Jr.
|
|
|
Batting: RHB Greg Harman
|
0-0: Ball 1-0: Ball 2-0: Called Strike 2-1: Swinging Strike 2-2: Foul Ball, location: 2F 2-2: SINGLE (Groundball, 4MD, EV 106.2 MPH)
|
|
Batting: LHB Peer Derks
|
0-0: Ball 1-0: Ball 2-0: Ball 3-0: Base on Balls Greg Harman to second
|
|
Batting: RHB Miguel Gonzalez
|
0-0: Foul Ball, location: 2F 0-1: Ball 1-1: Foul Ball, location: 2F 1-2: Ball 2-2: Ball 3-2: Base on Balls Greg Harman to third Peer Derks to second
|
|
Batting: RHB Miguel Diaz
|
0-0: Ball 1-0: Ball 2-0: Called Strike 2-1: Foul Ball, location: 2F 2-2: Grounds into double play, 6-4-3 (Groundball, 6, EV 82.5 MPH) Greg Harman scores Peer Derks to third
|
|
Batting: RHB Alex Rodriguez Jr.
|
0-0: Swinging Strike 0-1: Ball 1-1: SINGLE (Groundball, 4M, EV 98.1 MPH) Peer Derks scores
|
|
Batting: LHB Per Meulengracht
|
0-0: Called Strike Alex Rodriguez Jr. is caught stealing 2nd base 2-6
|
| Top of the 1st over - 2 runs, 2 hits, 0 errors, 0 left on base; Minnesota 2 - Houston 0 |
| BOTTOM OF THE 1ST |
|
Houston Astros batting - Pitching for Minnesota Twins : RHP Bud Puffer
|
|
Pitching: RHP Bud Puffer
|
|
|
Batting: RHB Jesse Scott
|
0-0: Called Strike 0-1: Foul Ball, location: 2F 0-2: Ball 1-2: Strikes out swinging
|
|
Batting: RHB Jeremy Trump
|
0-0: Ball 1-0: Foul Ball, location: 2F 1-1: Ball 2-1: Fly out, F9 (Line Drive, 89M, EV 90.6 MPH)
|
|
Batting: LHB Jack Christie
|
0-0: Ball 1-0: Ball 2-0: Swinging Strike 2-1: Ball 3-1: Called Strike 3-2: Strikes out looking
|
| Bottom of the 1st over - 0 runs, 0 hits, 0 errors, 0 left on base; Minnesota 2 - Houston 0 |
| TOP OF THE 2ND |
|
Minnesota Twins batting - Pitching for Houston Astros : RHP Moises Hernandez Jr.
|
|
Batting: LHB Per Meulengracht
|
0-0: Foul Ball, location: 2F 0-1: Ball 1-1: Hit by Pitch
|
|
Batting: LHB Chaim Huting
|
0-0: Swinging Strike 0-1: Foul Ball, location: 2F 0-2: Strikes out looking
|
|
Batting: RHB John Creel
|
0-0: Ball 1-0: Ball 2-0: Ball 3-0: Base on Balls Per Meulengracht to second
|
|
Batting: RHB Alex Sandoval
|
0-0: Ball 1-0: Ball 2-0: Ball 3-0: Base on Balls Per Meulengracht to third John Creel to second
|
|
Batting: RHB Greg Harman
|
0-0: Ball 1-0: Ball 2-0: Ball 3-0: Called Strike 3-1: Base on Balls Per Meulengracht scores John Creel to third Alex Sandoval to second
|
|
Batting: LHB Peer Derks
|
0-0: Ball 1-0: Foul Ball, location: 2F 1-1: Foul Ball, location: 2F 1-2: Foul Ball, location: 2F 1-2: Ball 2-2: Ball 3-2: Foul Ball, location: 2F 3-2: Fly out, F3 (Popup, 34S, EV 71.9 MPH)
|
|
Batting: RHB Miguel Gonzalez
|
0-0: Swinging Strike 0-1: Ball 1-1: Called Strike 1-2: Ball 2-2: Strikes out swinging
|
| Top of the 2nd over - 1 run, 0 hits, 0 errors, 3 left on base; Minnesota 3 - Houston 0 |
| BOTTOM OF THE 2ND |
|
Houston Astros batting - Pitching for Minnesota Twins : RHP Bud Puffer
|
|
Batting: SHB Joe Gardner
|
0-0: Called Strike 0-1: Swinging Strike 0-2: Strikes out looking
|
|
Batting: LHB Eric Katz
|
0-0: Called Strike 0-1: Ball 1-1: Swinging Strike 1-2: SINGLE (Line Drive, 9LS, EV 95.0 MPH)
|
|
Batting: RHB Eric Chotkowski
|
Pickoff Throw to First - Out! 1-3 CS 0-0: Called Strike 0-1: Fly out, F9 (Flyball, 9LS, EV 89.4 MPH)
|
| Bottom of the 2nd over - 0 runs, 1 hit, 0 errors, 0 left on base; Minnesota 3 - Houston 0 |
| TOP OF THE 3RD |
|
Minnesota Twins batting - Pitching for Houston Astros : RHP Moises Hernandez Jr.
|
|
Batting: RHB Miguel Diaz
|
0-0: Ball 1-0: Foul Ball, location: 2F 1-1: Ground out 6-3 (Groundball, 6, EV 105.6 MPH)
|
|
Batting: RHB Alex Rodriguez Jr.
|
0-0: Called Strike 0-1: Ground out 6-3 (Groundball, 56, EV 97.5 MPH)
|
|
Batting: LHB Per Meulengracht
|
0-0: Bunted foul 0-1: Ball 1-1: Called Strike 1-2: Ball 2-2: Strikes out swinging
|
| Top of the 3rd over - 0 runs, 0 hits, 0 errors, 0 left on base; Minnesota 3 - Houston 0 |
| BOTTOM OF THE 3RD |
|
Houston Astros batting - Pitching for Minnesota Twins : RHP Bud Puffer
|
|
Batting: LHB Bryce Hill
|
0-0: Ground out 5-3 (Groundball, 56, EV 103.1 MPH)
|
|
Batting: LHB Jimmy Edlin
|
0-0: DOUBLE (Line Drive, 78XD, EV 99.4 MPH)
|
|
Batting: SHB Ryan Chicoine
|
0-0: Foul Ball, location: 2F 0-1: Ball 1-1: Ball 2-1: Foul Ball, location: 2F 2-2: Strikes out looking
|
|
Batting: RHB Jesse Scott
|
0-0: SINGLE (Groundball, 34D, EV 95.6 MPH) Jimmy Edlin to third Runner from 3rd tries for Home, SAFE, throw by RF to home
|
|
Batting: RHB Jeremy Trump
|
0-0: Ball 1-0: Swinging Strike 1-1: Ball Jesse Scott is caught stealing 2nd base 2-4
|
| Bottom of the 3rd over - 1 run, 2 hits, 0 errors, 0 left on base; Minnesota 3 - Houston 1 |
| TOP OF THE 4TH |
|
Minnesota Twins batting - Pitching for Houston Astros : RHP Moises Hernandez Jr.
|
|
Pitching: RHP Bill Garcia
|
|
|
Batting: LHB Chaim Huting
|
0-0: Ball 1-0: Foul Ball, location: 2F 1-1: Ball 2-1: Called Strike 2-2: Foul Ball, location: 2F 2-2: Ball 3-2: Ground out U3 (Groundball, 34S, EV 85.6 MPH)
|
|
Batting: RHB John Creel
|
0-0: Fly out, F7 (Flyball, 7S, EV 90.0 MPH)
|
|
Batting: RHB Alex Sandoval
|
0-0: Foul Ball, location: 2F 0-1: Ball 1-1: Ball 2-1: Fly out, F8 (Flyball, 8RD, EV 85.6 MPH)
|
| Top of the 4th over - 0 runs, 0 hits, 0 errors, 0 left on base; Minnesota 3 - Houston 1 |
| BOTTOM OF THE 4TH |
|
Houston Astros batting - Pitching for Minnesota Twins : RHP Bud Puffer
|
|
Batting: RHB Jeremy Trump
|
0-0: Ball 1-0: Called Strike 1-1: Ground out 5-3 (Groundball, 56, EV 78.8 MPH)
|
|
Batting: LHB Jack Christie
|
0-0: Called Strike 0-1: Ball 1-1: Foul Ball, location: 2F 1-2: Strikes out swinging
|
|
Batting: SHB Joe Gardner
|
0-0: Ball 1-0: Ground out 3-1 (Groundball, 34, EV 101.9 MPH)
|
| Bottom of the 4th over - 0 runs, 0 hits, 0 errors, 0 left on base; Minnesota 3 - Houston 1 |
| TOP OF THE 5TH |
|
Minnesota Twins batting - Pitching for Houston Astros : RHP Bill Garcia
|
|
Now at 2B: Mark Dearth
|
|
|
Batting: RHB Greg Harman
|
0-0: Ball 1-0: Foul Ball, location: 2F 1-1: Called Strike 1-2: Foul Ball, location: 2F 1-2: SINGLE (Groundball, 6MD, EV 96.9 MPH)
|
|
Batting: LHB Peer Derks
|
0-0: Swinging Strike 0-1: Called Strike 0-2: Foul Ball, location: 2F 0-2: Ball 1-2: Strikes out swinging
|
|
Batting: RHB Miguel Gonzalez
|
0-0: Ball 1-0: Ground out 4-3 (Groundball, 34, EV 79.4 MPH) Greg Harman to second
|
|
Batting: RHB Miguel Diaz
|
0-0: Ball 1-0: Ball 2-0: Called Strike 2-1: Swinging Strike 2-2: Ball 3-2: Foul Ball, location: 2F 3-2: Strikes out swinging
|
| Top of the 5th over - 0 runs, 1 hit, 0 errors, 1 left on base; Minnesota 3 - Houston 1 |
| BOTTOM OF THE 5TH |
|
Houston Astros batting - Pitching for Minnesota Twins : RHP Bud Puffer
|
|
Batting: LHB Eric Katz
|
0-0: Ground out 5-3 (Groundball, 56S, EV 69.4 MPH)
|
|
Batting: RHB Eric Chotkowski
|
0-0: Ball 1-0: Foul Ball, location: 2F 1-1: Foul Ball, location: 2F 1-2: Ground out 4-3 (Groundball, 4M, EV 105.6 MPH)
|
|
Batting: LHB Bryce Hill
|
0-0: Called Strike 0-1: Swinging Strike 0-2: Fly out, F3 (Popup, 3F, EV 61.2 MPH)
|
| Bottom of the 5th over - 0 runs, 0 hits, 0 errors, 0 left on base; Minnesota 3 - Houston 1 |
| TOP OF THE 6TH |
|
Minnesota Twins batting - Pitching for Houston Astros : RHP Bill Garcia
|
|
Pitching: RHP Bobby Leija
|
|
|
Now at 3B: Paskar Adegoke
|
|
|
Now at SS: Danny Merrill
|
|
|
Now in LF: Bruce Bermudez
|
|
|
Now in CF: Eric Katz
|
|
|
Pinch Hitting: RHB Matt Dunn
|
0-0: Ball 1-0: Ball 2-0: Called Strike 2-1: Ball 3-1: Base on Balls
|
|
Pinch Hitting: LHB Ryan Flynn Jr.
|
0-0: Ball 1-0: Called Strike 1-1: Ball 2-1: Foul Ball, location: 2F 2-2: Ball 3-2: Fielders Choice at 2nd, 3-6 (Groundball, 3, EV 88.1 MPH)
|
|
Pinch Hitting: LHB Harris Vink
|
0-0: Ball 1-0: Called Strike 1-1: DOUBLE (Flyball, 89XD, EV 100.6 MPH) Ryan Flynn Jr. to third Runner from 3rd tries for Home, SAFE, throw by RF to trailing runner, SAFE at third!
|
|
Batting: RHB John Creel
|
0-0: Fly out, F9 (Line Drive, 89M, EV 100.6 MPH)
|
|
Pinch Hitting: RHB Will Leslie
|
0-0: Called Strike 0-1: Hit by Pitch
|
|
Pinch Hitting: LHB Ricardo Batista
|
0-0: Foul Ball, location: 2F 0-1: Called Strike 0-2: Strikes out swinging
|
| Top of the 6th over - 1 run, 1 hit, 0 errors, 2 left on base; Minnesota 4 - Houston 1 |
| BOTTOM OF THE 6TH |
|
Houston Astros batting - Pitching for Minnesota Twins : RHP Bud Puffer
|
|
Now at 1B: Ricardo Batista
|
|
|
Now at 3B: Will Leslie
|
|
|
Now at SS: Matt Dunn
|
|
|
Now in LF: Harris Vink
|
|
|
Now in CF: Ryan Flynn Jr.
|
|
|
Now in RF: Peer Derks
|
|
|
Batting: LHB Jimmy Edlin
|
0-0: Foul Ball, location: 2F 0-1: Ball 1-1: Foul Ball, location: 2F 1-2: SOLO HOME RUN (Flyball, 9LD, EV 92.5 MPH), Distance : 337 ft
|
|
Batting: SHB Ryan Chicoine
|
0-0: Swinging Strike 0-1: Ball 1-1: Foul Ball, location: 2F 1-2: Foul Ball, location: 2F 1-2: Foul Ball, location: 2F 1-2: Fly out, F8 (Flyball, 8LD, EV 105.6 MPH)
|
|
Batting: RHB Danny Merrill
|
0-0: Ball 1-0: Ground out U3 (Groundball, 34, EV 102.5 MPH)
|
|
Batting: LHB Mark Dearth
|
0-0: Ball 1-0: Ball 2-0: Ball 3-0: Called Strike 3-1: Called Strike 3-2: DOUBLE (Groundball, 5L, EV 111.2 MPH)
|
|
Pinch Hitting: RHB Elijah Hunter
|
0-0: Called Strike 0-1: Foul Ball, location: 2F 0-2: Ball 1-2: Strikes out swinging
|
| Bottom of the 6th over - 1 run, 2 hits, 0 errors, 1 left on base; Minnesota 4 - Houston 2 |
| TOP OF THE 7TH |
|
Minnesota Twins batting - Pitching for Houston Astros : RHP Bobby Leija
|
|
Pitching: RHP Andy Montelongo
|
|
|
Now at C: Mark Marks
|
|
|
Now at 1B: Jimmy Edlin
|
|
|
Now in LF: Elijah Hunter
|
|
|
Now in RF: Bruce Bermudez
|
|
|
Batting: LHB Peer Derks
|
0-0: Called Strike 0-1: Called Strike 0-2: Strikes out swinging
|
|
Batting: RHB Miguel Gonzalez
|
0-0: Ball 1-0: Ball 2-0: Ball 3-0: Base on Balls
|
|
Batting: RHB Miguel Diaz
|
0-0: Ball 1-0: Called Strike 1-1: Ball 2-1: Called Strike 2-2: Ball 3-2: Foul Ball, location: 2F 3-2: SINGLE (Groundball, 4MD, EV 96.2 MPH) Miguel Gonzalez to second
|
|
Batting: RHB Matt Dunn
|
0-0: Foul Ball, location: 2F 0-1: Ball 1-1: Called Strike Miguel Gonzalez is caught stealing 3rd base 2-5 1-2: Strikes out swinging
|
| Top of the 7th over - 0 runs, 1 hit, 0 errors, 1 left on base; Minnesota 4 - Houston 2 |
| BOTTOM OF THE 7TH |
|
Houston Astros batting - Pitching for Minnesota Twins : RHP Bud Puffer
|
|
Pitching: RHP Jack Overbeek
|
|
|
Batting: SHB Paskar Adegoke
|
0-0: Swinging Strike 0-1: Swinging Strike 0-2: Ball 1-2: Strikes out swinging
|
|
Batting: LHB Eric Katz
|
0-0: Ball 1-0: Ball 2-0: Ball 3-0: Base on Balls
|
|
Batting: RHB Bruce Bermudez
|
0-0: Grounds into double play, 4-6-3 (Groundball, 4M, EV 85.6 MPH)
|
| Bottom of the 7th over - 0 runs, 0 hits, 0 errors, 0 left on base; Minnesota 4 - Houston 2 |
| TOP OF THE 8TH |
|
Minnesota Twins batting - Pitching for Houston Astros : RHP Andy Montelongo
|
|
Batting: LHB Ryan Flynn Jr.
|
0-0: Ball 1-0: Ball 2-0: Ball 3-0: Called Strike 3-1: Base on Balls
|
|
Batting: LHB Harris Vink
|
0-0: Sac Bunt to 2R - play at first, batter OUT! 2-3 Ryan Flynn Jr. to second
|
|
Batting: RHB John Creel
|
0-0: SINGLE (Groundball, 25, EV 70.6 MPH) (infield hit) Ryan Flynn Jr. to third
|
|
Batting: RHB Will Leslie
|
0-0: Swinging Strike 0-1: Swinging Strike 0-2: Strikes out swinging
|
|
Batting: LHB Ricardo Batista
|
0-0: Called Strike 0-1: Called Strike 0-2: Ball 1-2: Ball 2-2: Strikes out looking
|
| Top of the 8th over - 0 runs, 1 hit, 0 errors, 2 left on base; Minnesota 4 - Houston 2 |
| BOTTOM OF THE 8TH |
|
Houston Astros batting - Pitching for Minnesota Twins : RHP Jack Overbeek
|
|
Pitching: LHP Jim Storer
|
|
|
Batting: RHB Ramon Castellon
|
0-0: Ball 1-0: Ball 2-0: Swinging Strike 2-1: Foul Ball, location: 2F 2-2: Foul Ball, location: 2F 2-2: Foul Ball, location: 2F 2-2: Ground out U3 (Groundball, 34, EV 92.5 MPH)
|
|
Pitching: LHP Inkei Wakamatsu
|
|
|
Batting: LHB Jimmy Edlin
|
0-0: Ball 1-0: Ball 2-0: Called Strike 2-1: Ball 3-1: Fly out, F8 (Flyball, 8RXD, EV 98.8 MPH)
|
|
Batting: RHB Mark Marks
|
0-0: Called Strike 0-1: Foul Ball, location: 2F 0-2: Foul Ball, location: 2F 0-2: Ball 1-2: Ball 2-2: Ball 3-2: Foul Ball, location: 2F 3-2: Strikes out swinging, 2-3 out at first.
|
| Bottom of the 8th over - 0 runs, 0 hits, 0 errors, 0 left on base; Minnesota 4 - Houston 2 |
| TOP OF THE 9TH |
|
Minnesota Twins batting - Pitching for Houston Astros : RHP Andy Montelongo
|
|
Pitching: RHP Jordan Tejeda
|
|
|
Batting: LHB Peer Derks
|
0-0: Ground out 4-3 (Groundball, 4, EV 86.9 MPH)
|
|
Batting: RHB Miguel Gonzalez
|
0-0: Ball 1-0: Ball 2-0: Ball 3-0: Base on Balls
|
|
Batting: RHB Miguel Diaz
|
0-0: Called Strike 0-1: Ball 1-1: Foul Ball, location: 2F 1-2: 2-RUN HOME RUN (Flyball, 7D, EV 113.8 MPH), Distance : 417 ft
|
|
Batting: RHB Matt Dunn
|
0-0: Fly out, F7 (Flyball, 78M, EV 77.5 MPH)
|
|
Batting: LHB Ryan Flynn Jr.
|
0-0: Foul Ball, location: 2F 0-1: Ball 1-1: Fly out, F8 (Flyball, 78D, EV 105.6 MPH)
|
| Top of the 9th over - 2 runs, 1 hit, 0 errors, 0 left on base; Minnesota 6 - Houston 2 |
| BOTTOM OF THE 9TH |
|
Houston Astros batting - Pitching for Minnesota Twins : LHP Inkei Wakamatsu
|
|
Batting: RHB Danny Merrill
|
0-0: Called Strike 0-1: Ball 1-1: Fly out, F8 (Flyball, 78M, EV 96.2 MPH)
|
|
Batting: LHB Mark Dearth
|
0-0: Swinging Strike 0-1: Ball 1-1: Foul Ball, location: 2F 1-2: Ball 2-2: SINGLE (Groundball, 34D, EV 99.4 MPH) (infield hit)
|
|
Batting: RHB Elijah Hunter
|
0-0: Ball 1-0: Ball 2-0: Ball 3-0: Called Strike 3-1: Foul Ball, location: 2F 3-2: Strikes out swinging
|
|
Batting: SHB Paskar Adegoke
|
0-0: Called Strike 0-1: Fielders Choice at 2nd, 6-4 (Groundball, 6, EV 88.1 MPH)
|
| Bottom of the 9th over - 0 runs, 1 hit, 0 errors, 1 left on base; Minnesota 6 - Houston 2 |
|